 Dungeon Crawl Stone Soup version 0.23.0 (webtiles) character file.

Game seed: 15766384388613495176

46 tidbits the Charmwright (level 3, 8/31 HPs)
             Began as a Gnoll Skald on Feb 14, 2019.
             Quit the game on level 2 of the Dungeon.
             The game lasted 00:03:27 (362 turns).

tidbits the Charmwright (Gnoll Skald)                Turns: 362, Time: 00:03:28

Health: 8/31       AC:  3    Str: 13    XL:     3   Next: 68%
Magic:  2/9        EV: 14    Int: 16    God:
Gold:   67         SH:  0    Dex: 14    Spells: 1/12 levels left

rFire    . . .     SeeInvis .   a - +0 spear
rCold    . . .     Gourm    .   (no shield)
rNeg     . . .     Faith    .   b - +0 leather armour
rPois    .         Spirit   .   (no helmet)
rElec    .         Reflect  .   (no cloak)
rCorr    +         Harm     .   (no gloves)
MR       .....                  (no boots)
Stlth    +.........             (no amulet)
HPRegen  0.10/turn              j - ring of resist corrosion
MPRegen  0.11/turn              (no ring)

@: singing, very slightly contaminated
A: distributed training, fangs 1, strong nose
a: no special abilities


You were on level 2 of the Dungeon.
You were not hungry.

You visited 1 branch of the dungeon, and saw 3 of its levels.

You collected 67 gold pieces.

Inventory:

Hand Weapons
 a - a +0 spear (weapon)
 c - a +0 dagger
Missiles
 e - 2 stones (quivered)
Armour
 b - a +0 leather armour (worn)
Jewellery
 j - a ring of resist corrosion (left hand)
   (You found it on level 3 of the Dungeon)
Scrolls
 f - a scroll of identify {unknown}
 g - a scroll of fear {unknown}
 h - a scroll of blinking {unknown}
Potions
 i - a potion of haste {unknown}
Comestibles
 d - 4 rations


   Skills:
 + Level 4.5 Fighting
 + Level 0.9 Short Blades
 + Level 0.9 Long Blades
 + Level 0.9 Axes
 + Level 0.9 Maces & Flails
 + Level 4.5 Polearms
 + Level 0.9 Staves
 + Level 0.9 Slings
 + Level 0.9 Bows
 + Level 0.9 Crossbows
 + Level 0.9 Throwing
 + Level 2.6 Armour
 + Level 4.5 Dodging
 + Level 0.9 Stealth
 + Level 0.9 Shields
 + Level 0.9 Unarmed Combat
 + Level 5.0 Spellcasting
 + Level 0.6 Conjurations
 + Level 0.6 Hexes
 + Level 5.4 Charms
 + Level 0.6 Summonings
 + Level 0.6 Necromancy
 + Level 0.6 Translocations
 + Level 0.6 Transmutations
 + Level 0.6 Fire Magic
 + Level 0.6 Ice Magic
 + Level 0.6 Air Magic
 + Level 0.6 Earth Magic
 + Level 0.6 Poison Magic
 + Level 1.0 Invocations
 + Level 0.9 Evocations


You had one spell level left.
You knew the following spells:

 Your Spells              Type           Power        Failure   Level  Hunger
g - Shroud of Golubria    Chrm/Tloc      ##........   9%          2    #......
i - Infusion              Chrm           ###.         1%          1    None
r - Regeneration          Chrm/Necr      ##........   17%         3    ###....
w - Spectral Weapon       Hex/Chrm       ##......     17%         3    ###....
y - Song of Slaying       Chrm           ###.....     3%          2    #......

Your spell library contained the following spells:

 Spells                   Type           Power        Failure   Level  Hunger


Dungeon Overview and Level Annotations

Branches:
Dungeon (3/15)

Altars:


Innate Abilities, Weirdness & Mutations

Your experience applies equally to all skills.
You have very sharp teeth.
Your uncanny sense of smell can sniff out nearby items.


Message History

You hit the rat but do no damage. You barely miss the rat.
Your spectral weapon hits the rat.
You kill the rat!
You swap places.
Unknown command.
Found a leather armour.
You closely miss the bat. The bat closely misses you.
Your spectral weapon closely misses the bat.
Unknown command.
The bat closely misses you. x2
Unknown command.
You hit the bat.
You kill the bat!
You see here a bat corpse.
Your spectral weapon fades away.
Things that are here:
a +0 club; a +0 dagger
There is a stone staircase leading up here.
You climb upwards.
Found a ration.
There is a stone staircase leading down here.
Unknown command.
A rat comes into view.
A gnoll comes into view. It is wielding a +0 spear.
Unknown command.
You see here a ration.
d - 4 rations (gained 1)
Casting: Spectral Weapon (safe; 17% risk of failure)
Confirm with . or Enter, or press ? or * to list all spells.
You miscast Spectral Weapon.
You are very lightly contaminated with residual magic.
Waves of light ripple over your body.
Casting: Spectral Weapon (safe; 17% risk of failure)
Confirm with . or Enter, or press ? or * to list all spells.
You draw out your weapon's spirit!
Attack whom?
Press: ? - help, Dir - move target cursor, f - rat
Aim: a rat You reach to attack!
You hit the rat.
You kill the rat!
A gnoll comes into view. It is wielding a +0 spear.
The gnoll shouts!
A gnoll comes into view. It is wielding a +0 spear.
Unknown command.
The gnoll shouts!
You hear a shout!
Unknown command.
Casting: Spectral Weapon (safe; 17% risk of failure)
Confirm with . or Enter, or press ? or * to list all spells.
You start singing a song of slaying.
A gnoll comes into view. It is wielding a +1 spear of piercing.
The gnoll hits you from afar with a +0 spear!
Unknown command.
Press: ? - help, v - describe, . - travel
Here: a gnoll, wielding a +1 spear of piercing The floor.
Attack whom?
Press: ? - help, Dir - move target cursor, f - gnoll
Aim: a gnoll, wielding a +0 spear You reach to attack!
You barely miss the gnoll.
Your spectral weapon hits the gnoll from afar.
Attack whom?
Press: ? - help, Dir - move target cursor, f/p - gnoll
Aim: a gnoll, wielding a +0 spear (moderately wounded)
You reach to attack!
You hit the gnoll but do no damage.
The gnoll is moderately wounded.
You hear an angry hiss.
Your spectral weapon hits the gnoll from afar.
The gnoll misses you.
A dart slug comes into view.
Attack whom?
Press: ? - help, Dir - move target cursor, f/p - gnoll
Aim: a gnoll, wielding a +0 spear (heavily wounded)
You reach to attack!
You hit the gnoll but do no damage.
The gnoll is heavily wounded.
Your spectral weapon hits the gnoll from afar.
The gnoll misses you.
Attack whom?
Press: ? - help, Dir - move target cursor, f - gnoll, p - gnoll
Aim: a gnoll, wielding a +0 spear You could not reach far enough!
The gnoll hits you but does no damage. The gnoll barely misses you.
Attack whom?
Press: ? - help, Dir - move target cursor, f - gnoll, p - gnoll
Aim: a gnoll, wielding a +0 spear (severely wounded)
You reach to attack!
You barely miss the gnoll.
The gnoll is severely wounded.
Your spectral weapon closely misses the gnoll.
The gnoll hits you from afar with a +0 spear!
* * * LOW HITPOINT WARNING * * *
The gnoll hits you but does no damage.
Attack whom?
Press: ? - help, Dir - move target cursor, f/p - gnoll
Aim: a gnoll, wielding a +0 spear (severely wounded)
You reach to attack!
You closely miss the gnoll.
The gnoll is severely wounded.
Your spectral weapon hits the gnoll.
The gnoll barely misses you.
The gnoll hits your spectral weapon with a +0 spear.
Your spectral weapon shares its damage with you!
* * * LOW HITPOINT WARNING * * *
Are you sure you want to abandon this character and quit the game? (Confirm with "yes".)

.##
########....
#...........#
#......w.....
#...g.........
#...ggg.#.....
#....(.......
#..@....##.#
###..........#
#....†....####
#........>.#
#...########
####


You could see 4 gnolls, a dart slug and a friendly spectral +0 spear.

Vanquished Creatures
  2 adders (D:2)
  An ooze (D:2)
  A worm (D:2)
  A leopard gecko (D:1)
  3 hobgoblins
  A jackal (D:3)
  4 kobolds
  A ball python (D:3)
  5 bats
  2 goblins
  3 rats
24 creatures vanquished.

Notes
Turn   | Place    | Note
-------+----------+-------------------------------------------
     0 | D:1      | tidbits the Gnoll Skald began the quest for the Orb.
     0 | D:1      | Reached XP level 1. HP: 20/20 MP: 6/6
   145 | D:2      | Reached XP level 2. HP: 22/26 MP: 2/7
   149 | D:2      | Learned a level 2 spell: Song of Slaying
   152 | D:2      | Learned a level 2 spell: Shroud of Golubria
   164 | D:2      | Found a faded altar of an unknown god.
   203 | D:2      | Reached skill level 5 in Spellcasting
   203 | D:2      | Reached XP level 3. HP: 27/31 MP: 1/9
   217 | D:2      | Learned a level 3 spell: Regeneration
   221 | D:2      | Learned a level 3 spell: Spectral Weapon
   281 | D:3      | Reached skill level 1 in Invocations
   362 | D:2      | Quit the game

Skill      XL: |  1  2  3 |
---------------+----------+-----
Spellcasting   | 5 |  5.0
Invocations    | 1 |  1.0
Fighting       | |  4.5
Short Blades   | |  0.9
Long Blades    | |  0.9
Axes           | |  0.9
Maces & Flails | |  0.9
Polearms       | |  4.5
Staves         | |  0.9
Slings         | |  0.9
Bows           | |  0.9
Crossbows      | |  0.9
Throwing       | |  0.9
Armour         | |  2.6
Dodging        | |  4.5
Stealth        | |  0.9
Shields        | |  0.9
Unarmed Combat | |  0.9
Conjurations   | |  0.6
Hexes          | |  0.6
Charms         | |  5.4
Summonings     | |  0.6
Necromancy     | |  0.6
Translocations | |  0.6
Transmutations | |  0.6
Fire Magic     | |  0.6
Ice Magic      | |  0.6
Air Magic      | |  0.6
Earth Magic    | |  0.6
Poison Magic   | |  0.6
Evocations     | |  0.9

Action                   || total
-------------------------++-------
Melee: Spear             ||    70
       Bite              ||     3
Throw: Stone             ||     1
 Cast: Infusion          ||     3
       Song of Slaying   ||     3
       Spectral Weapon   ||     3
 Stab: Sleeping          ||     1
Armor: Leather armour    ||    14
Dodge: Dodged            ||    41

Table legend:
 A = Turns spent in this place as a percentage of turns spent in the entire game.
 B = Non-inter-level travel turns spent in this place as a percentage of non-inter-level travel turns spent in the entire game.
 C = Inter-level travel turns spent in this place as a percentage of turns spent in this place.
 D = Turns resting spent in this place as a percentage of non-inter-level travel turns spent in this place.
 E = Turns spent auto-exploring this place as a percentage of non-inter-level travel turns spent in this place.
 F = Non-inter-level travel turns spent in this place divided by the number of levels of this place that you've seen.
                   A       B       C       D       E      F
               +-------+-------+-------+-------+-------+----------------------
         Total | 100.0 | 100.0 |   0.0 |   0.0 |   0.0 | 120.7
       Dungeon | 100.0 | 100.0 |   0.0 |   0.0 |   0.0 | 120.7
               +-------+-------+-------+-------+-------+----------------------

Table legend:
 A = Kills in this place as a percentage of kills in entire the game.
 B = Kills by you in this place as a percentage of kills by you in the entire game.
 C = Kills by friends in this place as a percentage of kills by friends in the entire game.
 D = Other kills in this place as a percentage of other kills in the entire game.
 E = Experience gained in this place as a percentage of experience gained in the entire game.
 F = Experience gained in this place divided by the number of levels of this place that you have seen.
                   A       B       C       D       E      F
               +-------+-------+-------+-------+-------+----------------------
         Total | 100.0 | 100.0 |   N/A |   N/A | 100.0 |  22.3
       Dungeon | 100.0 | 100.0 |   N/A |   N/A | 100.0 |  22.3
               +-------+-------+-------+-------+-------+----------------------

Levels and vault maps discovered:
D:1:      wheals_arrival_linesprint, layout_rooms,
          corexii_item_surrounded_by_moat
D:2:      layout_rooms, dancing_weapons_uskayaw, first_ration,
          chequers_ecumenical_altar_simple_redux
D:3:      layout_basic, lemuel_zombie_altar_kikubaaqudgha,
          nicolae_overflow_hidden_temple, minmay_diced_spiral
